 Dungeon Crawl Stone Soup version 0.26-a0-524-g073066f631 (webtiles) character file.

Game seed: 16723286521070598122

176 LadyOphelia the Chopper (level 5, -3/47 HPs)
             Began as a Hill Orc Fighter on Aug 13, 2020.
             Slain by a gnoll
             ... wielding a +0 spear
              (6 damage)
             ... on level 3 of the Dungeon.
             The game lasted 00:06:55 (2525 turns).

LadyOphelia the Chopper (Hill Orc Fighter)          Turns: 2525, Time: 00:06:55

Health: -3/47      AC:  7    Str: 20    XL:     5   Next: 56%
Magic:  5/5        EV:  7    Int:  8    God:
Gold:   74         SH:  9    Dex: 10    Spells: 4/4 levels left

rFire    . . .     SeeInvis .   a - +0 war axe
rCold    . . .     Faith    .   c - +0 kite shield
rNeg     . . .     Spirit   .   b - +0 scale mail
rPois    .         Reflect  .   (no helmet)
rElec    .         Harm     .   (no cloak)
rCorr    .                      (no gloves)
MR       .....                  (no boots)
Stlth    ..........             (no amulet)
HPRegen  0.15/turn              (no ring)
MPRegen  0.09/turn              (no ring)

@: no status effects
A: no striking features
a: no special abilities


You were on level 3 of the Dungeon.
You visited 1 branch of the dungeon, and saw 3 of its levels.

You collected 74 gold pieces.

Inventory:

Hand Weapons
 a - a +0 war axe (weapon)
Armour
 b - a +0 scale mail (worn)
 c - a +0 kite shield (worn)
Jewellery
 e - an uncursed ring of magical power {unknown}
 m - an uncursed ring of stealth
Wands
 k - a wand of random effects (21)
 r - a wand of iceblast (4)
 v - a wand of flame (11)
Scrolls
 f - 2 scrolls of identify
 j - 2 scrolls of teleportation {unknown}
 n - a scroll of enchant armour {unknown}
 o - a scroll of amnesia {unknown}
 p - a scroll of remove curse {unknown}
 q - 2 scrolls of noise
 t - a scroll of fog {unknown}
 u - a scroll of immolation {unknown}
Potions
 d - 2 potions of might
 g - 2 potions of berserk rage
 h - a potion of flight {unknown}
 i - a potion of resistance {unknown}
 l - a potion of lignification {unknown}
 s - a potion of heal wounds {unknown}


   Skills:
 * Level 4.4 Fighting
 + Level 4.9 Axes
 + Level 4.1 Armour
 - Level 0.3 Dodging
 + Level 4.4 Shields


You had 4 spell levels left.
You didn't know any spells.
Your spell library was empty.

Dungeon Overview and Level Annotations

Branches:
Dungeon (3/15)

Altars:

Annotations:
D:3 2 transporters


Message History

The gnoll hits you from afar with a +0 spear. x2
* * * LOW HITPOINT WARNING * * *
The gnoll barely misses you. x2; You block the gnoll's attack.
You hit the gnoll.
The gnoll is lightly wounded.
You hit the gnoll. The gnoll hits you but does no damage.
You block the gnoll's attack.
The gnoll hits you from afar with a +0 spear!
* * * LOW HITPOINT WARNING * * *
You slash the gnoll!
The gnoll is almost dead.
You hit the gnoll. The gnoll hits you with a +0 spear.
* * * LOW HITPOINT WARNING * * *
You block the gnoll's attack. x2; The gnoll hits you with a +0 spear.
* * * LOW HITPOINT WARNING * * *
You hit the gnoll.
You kill the gnoll!
You closely miss the gnoll.
The gnoll hits you from afar with a +0 spear.
You die...

.....)..# #......# #####...
........# #......# #.....©.
........# #......# #.######
........# #......# #.#8P$©$
........# ###......# #.#P..(.
........# #........# #.####+#
........###.#......#######.#.≈..$
................)gg........#5≈...
.........##.#...@)†######..#o≈P≈≈
.................†.# #..#o≈≈♣≈
......<............# #..#.≈P≈≈
#########..........# #..#.≈... .#
...)...#.## #..#.≈... .#
../.##.#.# #..####+# .# ....
..#.# #..#P../. ## ... ####.#
#..#8P.©. .# ..# #..######


You could see 2 gnolls.

Vanquished Creatures
  Jessica (D:2)
  2 gnolls (D:3)
  5 adders
  A worm (D:2)
  A dart slug (D:1)
  A leopard gecko (D:1)
  5 orcs (D:3)
  5 bats
  2 giant cockroaches (D:1)
  9 goblins
  7 hobgoblins
  7 jackals
  15 kobolds
  3 frilled lizards
  10 rats
74 creatures vanquished.

Notes
Turn   | Place    | Note
-------+----------+-------------------------------------------
     0 | D:1      | LadyOphelia the Hill Orc Fighter began the quest for the
                  | Orb.
     0 | D:1      | Reached XP level 1. HP: 19/19 MP: 1/1
   204 | D:1      | Reached XP level 2. HP: 23/27 MP: 2/2
   505 | D:1      | Reached XP level 3. HP: 24/33 MP: 3/3
   910 | D:2      | Noticed Jessica
   927 | D:2      | Killed Jessica
   927 | D:2      | Reached XP level 4. HP: 31/40 MP: 4/4
  2034 | D:3      | Reached XP level 5. HP: 31/46 MP: 5/5
  2398 | D:3      | Found a transporter.
  2460 | D:3      | Found a transporter.
  2525 | D:3      | Slain by a gnoll

Illustrated notes

Levels and vault maps discovered:
D:1:      dpeg_arrival_shelter, layout_basic
D:2:      layout_loops_ring, minmay_pentomino_q4, uniq_jessica
D:3:      gammafunk_wand_slinger, layout_basic

Skill      XL: |  1  2  3  4  5 |
---------------+----------------+-----
Axes           | 3 4 |  4.9
Fighting       | 4 |  4.4
Shields        | 4 |  4.4
Armour         | 4 |  4.1
Dodging        | |  0.3

Action                   |  1- 3 |  4- 6 || total
-------------------------+-------+-------++-------
Melee: War axe           |   101 |   125 ||   226
  Use: Potion            |     1 |     1 ||     2
       Scroll            |       |     3 ||     3
Armor: Scale mail        |    52 |    63 ||   115
Dodge: Dodged            |    44 |    46 ||    90
Block: Kite shield       |    79 |   112 ||   191

Table legend: (Time is in decaauts)
 A = Elapsed time spent in this place.
 B = Non-inter-level travel time spent in this place.
 C = Inter-level travel time spent in this place.
 D = Time resting spent in this place.
 E = Time spent auto-exploring this place.
 F = Levels seen in this place.
 G = Mean time per level.
                   A        B        C        D        E       F      G
               +--------+--------+--------+--------+--------+-----+--------+
         Total |   2621 |   2543 |     78 |    497 |   1351 |   3 |  873.7 |
       Dungeon |   2621 |   2543 |     78 |    497 |   1351 |   3 |  873.7 |
               +--------+--------+--------+--------+--------+-----+--------+

Top non-repeatable levels by time:
     D:2: 935 daAuts
     D:1: 902 daAuts
     D:3: 783 daAuts
